 Dungeon Crawl Stone Soup version 0.21.1-1-g345015fe64 (webtiles) character file.

1669 Napalmbreeze the Skirmisher (level 9, -7/56 HPs)
             Began as a Gargoyle Gladiator on July 19, 2018.
             Mangled by an orc warrior
             ... wielding a +0 hand axe
              (10 damage)
             ... on level 7 of the Dungeon.
             The game lasted 00:15:26 (7413 turns).

Napalmbreeze the Skirmisher (Gargoyle Gladiator)    Turns: 7413, Time: 00:15:27

Health: -7/56      AC: 21    Str: 18    XL:     9   Next: 1%
Magic:  9/9        EV: 16    Int:  9    God:
Gold:   277        SH:  0    Dex: 14    Spells: 8/8 levels left

rFire    . . .     SeeInvis .   w - -2 mace (curse)
rCold    . . .     Gourm    .   (no shield)
rNeg     + . .     Faith    .   x - +0 chain mail
rPois    ∞         Spirit   .   c - +0 helmet
rElec    +         Reflect  .   e - +0 cloak
rCorr    .         Harm     .   (no gloves)
MR       .....                  k - +1 pair of boots
Stlth    ..........             u - amulet of magic regeneration
HPRegen  0.18/turn              l - +3 ring of evasion
MPRegen  0.36/turn              v - +3 ring of evasion

@: no status effects
A: negative energy resistance 1, electricity resistance, unbreathing,
petrification resistance, rot immunity, AC +6
a: no special abilities


You were on level 7 of the Dungeon.
You were near starving.

You visited 1 branch of the dungeon, and saw 7 of its levels.

You collected 277 gold pieces.

Inventory:

Hand Weapons
 a - a +1 quarterstaff
 q - a +1 vampiric whip
 w - a cursed -2 mace (weapon)
 G - a +3 morningstar
Missiles
 d - 3 throwing nets (quivered)
Armour
 c - a +0 helmet (worn)
 e - a +0 cloak (worn)
 k - a +1 pair of boots (worn)
 x - a +0 chain mail (worn)
Jewellery
 l - a +3 ring of evasion (left hand)
 u - an amulet of magic regeneration (around neck)
 v - a +3 ring of evasion (right hand)
 A - an uncursed ring of wizardry
Wands
 r - a wand of digging (33)
 s - a wand of enslavement (12)
 z - a wand of clouds (5)
 D - a wand of random effects (36)
Scrolls
 h - 4 scrolls of identify
 i - 2 scrolls of enchant weapon
 m - 3 scrolls of magic mapping
 n - 4 scrolls of teleportation
 o - 2 scrolls of enchant armour
 F - 4 scrolls of blinking
Potions
 b - a potion of lignification {unknown}
 g - 2 potions of curing {unknown}
 j - a potion of magic {unknown}
 t - a potion of agility {unknown}
 B - a potion of degeneration {unknown}
 C - a potion of resistance {unknown}
 E - a potion of invisibility {unknown}
Books
 p - the Incunabulum of the Entourage
   (You found it on level 4 of the Dungeon)

   Spells                             Type                      Level
   a - Summon Small Mammal            Summoning                    1
   b - Call Imp                       Summoning                    2
   c - Recall                         Summoning/Translocation      3
   d - Spellforged Servitor           Conjuration/Summoning        7
   e - Summon Hydra                   Summoning                    7
 y - a book of Conjurations

   Spells                             Type                      Level
   a - Magic Dart                     Conjuration                  1
   b - Searing Ray                    Conjuration                  2
   c - Dazzling Spray                 Conjuration/Hexes            3
   d - Fulminant Prism                Conjuration/Hexes            4
   e - Force Lance                    Conjuration/Translocation    4
   f - Iskenderun's Mystic Blast      Conjuration                  4
Comestibles
 f - 5 rations


   Skills:
 + Level 6.4 Fighting
 + Level 6.2 Staves
 - Level 1.7 Throwing
 + Level 5.9 Armour
 + Level 5.2 Dodging


You had 8 spell levels left.
You didn't know any spells.

Dungeon Overview and Level Annotations

Branches:
Dungeon (7/15)
 Temple: D:4-7

Altars:
Ashenzari
Cheibriados
Makhleb
Trog
Xom

Shops:
D:5 !

Annotations:
D:4 Peloso's ghost, novice MiFi
D:7 exclusion: player ghost, WBergamot's ghost, novice HOMo


Innate Abilities, Weirdness & Mutations

You are resistant to torment.
Your stone body is resilient. (AC +6)
You are immune to poison.
You resist negative energy. (rN+)
You are resistant to electric shocks. (rElec)
You can survive without breathing.
You are immune to petrification.
You are immune to rotting.


Message History

The orc wizard gestures at you while chanting.
The puff of flame misses you. The orc wizard closely misses you.
The orc warrior misses you.
You barely miss the orc wizard.
The orc wizard is heavily wounded.
The orc wizard completely misses you. The orc wizard misses you.
The orc warrior closely misses you.
Unknown command.
You hit the orc wizard.
The orc wizard is almost dead.
The orc wizard hits you but does no damage.
The orc warrior hits you with a hand axe!
* * * LOW HITPOINT WARNING * * *
The orc wizard casts a spell at you. The magic dart hits you!
You closely miss the orc wizard.
The orc wizard is almost dead.
The orc wizard closely misses you.
The orc warrior hits you with a hand axe!
You die...

#............######>
#.........##........
#.....)..........$..
#.........(.......#
#.........##..o...
#######........# #..o.###
#.. ....#.....####.$....#
##.#####.......o@##......#
#...<......#.###o#[........
#..#####)#.#.# #oo.......##
#..# #.#.#.# ##........#
#.######.#.#.# ........$#
#.# #..[.#.#.# .#.##...#.#
#.# #........##.#.# #.##.#
#.# #...##.#### #.# .# #
#.# ##..##.# #.# .#


You could see an orc warrior, an orc wizard and 2 orcs.

Vanquished Creatures
  An ice beast (D:6)
  A phantom (D:5)
  3 centaurs (D:5)
  A bullfrog (D:6)
  A scorpion (D:4)
  5 wights
  A howler monkey (D:5)
  2 crimson imps
  A bullfrog zombie (D:6)
  A centaur zombie (D:5)
  A hound (D:5)
  A jelly (D:4)
  2 orc priests
  5 orc wizards
  2 iguanas (D:4)
  Ijyb (D:5)
  5 worker ants
  Natasha (thrice) (D:4)
  A killer bee zombie (D:5)
  A howler monkey skeleton (D:6)
  8 adders
  An ooze (D:1)
  An adder skeleton (D:6)
  A worm (D:4)
  2 dart slugs
  2 leopard geckos
  18 orcs
  A ball python (D:1)
  2 giant cockroaches
  5 goblins
  11 hobgoblins
  7 jackals
  8 kobolds
  2 quokkas
  6 bats
  6 frilled lizards
  A giant cockroach zombie (D:5)
  A jackal skeleton (D:6)
  6 rats
128 creatures vanquished.

Vanquished Creatures (others)
  An orc wizard (D:6)
1 creature vanquished.

Grand Total: 129 creatures vanquished

Notes
Turn   | Place    | Note
-------+----------+-------------------------------------------
     0 | D:1      | Napalmbreeze the Gargoyle Gladiator began the quest for the Orb.
     0 | D:1      | Reached XP level 1. HP: 12/12 MP: 1/1
    58 | D:1      | Reached XP level 2. HP: 18/18 MP: 2/2
   358 | D:1      | Reached skill level 1 in Armour
   460 | D:1      | Reached XP level 3. HP: 22/22 MP: 3/3
  1053 | D:2      | Reached XP level 4. HP: 27/27 MP: 4/4
  1648 | D:3      | Reached XP level 5. HP: 31/32 MP: 5/5
  2385 | D:3      | Found a snail-covered altar of Cheibriados.
  2670 | D:4      | Noticed Peloso's ghost (novice MiFi)
  2858 | D:4      | Reached XP level 6. HP: 38/38 MP: 6/6
  2907 | D:4      | Identified the Incunabulum of the Entourage
  2932 | D:4      | Noticed Natasha
  2939 | D:4      | Killed Natasha
  3198 | D:4      | Noticed Natasha
  3207 | D:4      | Killed Natasha
  3317 | D:4      | Noticed Natasha
  3347 | D:4      | Killed Natasha
  3761 | D:5      | Entered Level 5 of the Dungeon
  3834 | D:4      | Reached XP level 7. HP: 11/44 MP: 7/7
  4946 | D:5      | Reached skill level 5 in Fighting
  4946 | D:5      | Reached skill level 5 in Staves
  5215 | D:5      | Noticed Ijyb
  5249 | D:5      | Killed Ijyb
  5375 | D:5      | Reached XP level 8. HP: 44/49 MP: 8/8
  5686 | D:5      | Found Ahadotz's Distillery.
  5867 | D:6      | Reached skill level 5 in Armour
  6195 | D:6      | Found a bloodstained altar of Trog.
  6352 | D:6      | Reached skill level 5 in Dodging
  7064 | D:7      | Found a shimmering altar of Xom.
  7064 | D:7      | Found a burning altar of Makhleb.
  7258 | D:7      | Found a shattered altar of Ashenzari.
  7259 | D:7      | Noticed WBergamot's ghost (novice HOMo)
  7374 | D:7      | Reached XP level 9. HP: 44/56 MP: 9/9
  7413 | D:7      | Mangled by an orc warrior

Skill      XL: |  1  2  3  4  5  6  7  8 |
---------------+-------------------------+-----
Armour         | 1 2 3 4 5 |  5.9
Fighting       | 3 4 5 6 |  6.4
Dodging        | 3 4 5 |  5.2
Staves         | 4 5 6 |  6.2
Throwing       | |  1.7

Action                   |  1- 3 |  4- 6 |  7- 9 || total
-------------------------+-------+-------+-------++-------
Melee: Quarterstaff      |    97 |   103 |       ||   200
       Mace              |       |   139 |   741 ||   880
  Use: Scroll            |       |    10 |     1 ||    11
       Potion            |       |       |     1 ||     1
 Stab: Invisible         |       |       |     3 ||     3
  Eat: Chunk             |     1 |     7 |     7 ||    15
       Ration            |       |     1 |     1 ||     2
Armor: Leather armour    |    45 |    25 |       ||    70
       Chain mail        |       |   104 |   361 ||   465
Dodge: Dodged            |    81 |   165 |   648 ||   894
